cohdb
Replays
Latest Replays
All Replays
Popular Replays
Top Player Replays
Match Explorer
How It Works
Community
CoH3 Stats
Reddit
Sign in to upload your games and track your stats! →
Sign in with Steam
Match 25027734
Unlisted
Match 25027734
Overview
Messages
Build Orders
End
Construct Barracks
Riflemen Squad
M1 Mortar Team
Riflemen Squad
Grenade Package
Riflemen Squad
Construct Medical Station
Infantry Support Center
Selects Advanced Infantry Battlegroup
Selects Convert to Ranger Squad
Construct Motor Pool
Selects Ammunition Storage
Selects M2A1 105mm Howitzer Emplacement
M1 Anti-tank Gun Team
Eber
Jonatanga
PAUG.S®
Bowden
Kwarzym
็็็็็็็็็็
0
0
Comments
sign in to comment!
No comments posted yet!